 Dungeon Crawl Stone Soup version 0.20.1-1-g8b1a95d66d (webtiles) character file.

49 Ivernyr the Bolt Thrower (level 3, 31/33 HPs)
             Began as a Deep Dwarf Hunter on Nov 18, 2017.
             Quit the game on level 2 of the Dungeon.
             The game lasted 00:04:12 (823 turns).

Ivernyr the Bolt Thrower (Deep Dwarf Hunter)         Turns: 823, Time: 00:04:13

Health: 31/33      AC:  3    Str: 16    XL:     3   Next: 53%
Magic:  2/2        EV: 12    Int: 11    God:
Gold:   79         SH:  0    Dex: 13    Spells: 2/2 levels left

rFire    + . .     SeeInvis .   b - +0 hand axe
rCold    + . .     Gourm    .   (no shield)
rNeg     . . .     Faith    .   c - +0 leather armour
rPois    .         Spirit   .   (no helmet)
rElec    .         Reflect  .   (no cloak)
rCorr    .         Harm     .   (no gloves)
MR       .....                  (no boots)
Stlth    +.........             (no amulet)
Regen    0.0/turn               l - ring of protection from cold
MPRegen  0.1/turn               m - ring of protection from fire

@: mildly poisoned (31 -> 31), non-regenerating
A: damage resistance, heal wounds, sense surroundings 1, no regeneration
a: Heal Wounds


You were on level 2 of the Dungeon.
You were not hungry.

You visited 1 branch of the dungeon, and saw 2 of its levels.

You collected 79 gold pieces.

Inventory:

Hand Weapons
 a - a +1 hand crossbow
 b - a +0 hand axe (weapon)
Missiles
 d - 11 bolts
Armour
 c - a +0 leather armour (worn)
Jewellery
 l - a ring of protection from cold (left hand)
 m - a ring of protection from fire (right hand)
Scrolls
 g - 2 scrolls of fog {unknown}
 j - a scroll of amnesia {unknown}
 k - a scroll of identify {unknown}
 n - a scroll of remove curse {unknown}
 o - a scroll of enchant armour {unknown}
Potions
 e - a potion of curing {unknown}
 h - a potion of berserk rage {unknown}
 i - a potion of magic {unknown}
Comestibles
 f - a bread ration
 p - a royal jelly


   Skills:
 + Level 2.4 Fighting
 * Level 5.0 Crossbows
 + Level 1.5 Armour
 - Level 2.1 Dodging
 - Level 1.2 Stealth


You had 2 spell levels left.
You didn't know any spells.

Dungeon Overview and Level Annotations

Branches:
Dungeon (2/15)

Altars:


Innate Abilities, Weirdness & Mutations

You are resistant to damage.
You can heal yourself by infusing magical energy.
You passively map a small area around you.
You do not regenerate.


Message History

You hit the dart slug.
You kill the dart slug!
Your Crossbows skill increases to level 5!
Your magical essence is drained by the effort!
You feel much better.
You see here 7 gold pieces.
The adder hisses angrily.
The adder bites you but does no damage. The adder bites you.
You are poisoned.
The adder poisons you!
You hit the adder.
The adder is heavily wounded.
The adder barely misses you.
You hit the adder.
The adder is almost dead.
The adder bites you. The adder barely misses you.
You slash the adder!
You kill the adder!
You see here an adder corpse.
Are you sure you want to abandon this character and quit the game? (Confirm with "yes".)

, #####..#########....# , ##
,....................# ...
##...#...#####....# ##..
#...#_#..# #....#####
.....##.#..#†.## #........#
*#...........# #....###..
##...$...#### #.##...# . ,
,,##.......#########.#..#..#
*
#...$......†@.........##.##.#
####............####.##,⌠.#*.
* #(.(..)..<######.### .##
.........#....##..#.#♣#♣ ,
####......####....#.8.# ,
.................#.#♣
..#....#######.....##* *
.......##########.##
,,...............#* *


There were no monsters in sight!

Vanquished Creatures
  2 adders (D:2)
  4 dart slugs
  A leopard gecko (D:1)
  A ball python (D:1)
  A giant cockroach (D:1)
  3 goblins (D:1)
  4 bats
  A frilled lizard (D:1)
  6 kobolds
  2 rats
25 creatures vanquished.

Notes
Turn   | Place    | Note
-------+----------+-------------------------------------------
     0 | D:1      | Ivernyr the Deep Dwarf Hunter began the quest for the Orb.
     0 | D:1      | Reached XP level 1. HP: 19/19 MP: 1/1
   164 | D:1      | Reached XP level 2. HP: 19/26 MP: 2/2
   401 | D:1      | Reached skill level 1 in Armour
   747 | D:2      | Reached XP level 3. HP: 10/33 MP: 3/3
   761 | D:2      | Found a faded altar of an unknown god.
   803 | D:2      | Reached skill level 5 in Crossbows
   823 | D:2      | Quit the game

Skill      XL: |  1  2  3 |
---------------+----------+-----
Fighting       | 2 |  2.4
Armour         | 1 |  1.5
Crossbows      | 5 |  5.0
Dodging        | |  2.1
Stealth        | |  1.2

Action                   || total
-------------------------++-------
Melee: Short sword       ||    65
       Hand axe          ||    29
 Fire: Hand crossbow     ||    13
 Abil: Heal Wounds       ||     1
 Stab: Sleeping          ||     2
Armor: Leather armour    ||    17
Dodge: Dodged            ||    65
